AoeStats
← fire

Nomad

509324214Analyzed
2v2 RM · 5d ago on Sep 26, 2026· 30m 33s· 4 players
Game mode
Random Map
Map size
176×176
Population
200
Speed
Normal
Resources
Standard
Victory
Conquest
Starting age
Dark Age
Ending age
Imperial Age
RankedLock teamsTeams togetherTeam positionsShared explorationLock speedFull tech treeHidden civsTurbo modeCheats
Victory
Defeat
🇷🇺 Varangians · Russia
1071
+14
🇫🇷 Persians · France
1060
+15
🇨🇳 Aztecs · China
1047
-15
🇻🇳 Inca · Vietnam
1027
-14
lastsamurai199047
14:47 Feudal Age
18:58 Castle Age
17:29 Champi Runner
19:34 Champi Warrior
23:13 Arson
24:05 Scale Mail Armor
浅夏☆初晴
3:31 Loom
16:32 Feudal Age
17:17 Feudal Age
24:58 Castle Age
23:21 Double-Bit Axe
26:05 Gold Mining
26:18 Fletching
26:30 Scale Mail Armor
25:54 Pikeman
30:54 Redemption
fire
9:27 Loom
15:32 Feudal Age
19:25 Bloodlines
21:18 Scale Barding Armor
25:02 Castle Age
24:32 Forging
27:52 Chain Barding Armor
28:16 Husbandry
28:44 Fletching
30:07 Iron Casting
30:15 Double-Bit Axe
sarfaoui4
4:32 Loom
12:09 Feudal Age
15:51 Castle Age
15:10 Forging
15:05 Scale Barding Armor
16:00 Bloodlines
21:31 Wheelbarrow
31:27 Chain Barding Armor
Connection lost

Rejoining the realm…

Still unreachable

The connection could not be restored.

Session expired

The server has moved on; the page needs a fresh start.